 Dungeon Crawl Stone Soup version 0.23.2-40-g277498a001 (webtiles) character file.

Game seed: 16123283829007979888

1082 Amplified the Cleaver (level 8, 0/74 HPs)
             Began as a Hill Orc Monk on Aug 20, 2019.
             Was a Believer of Makhleb.
             Shot with an arrow by a centaur (15 damage)
             ... on level 8 of the Dungeon.
             The game lasted 00:07:20 (4920 turns).

Amplified the Cleaver (Hill Orc Monk)               Turns: 4920, Time: 00:07:20

Health: 0/74       AC:  7    Str: 19    XL:     8   Next: 30%
Magic:  11/11      EV: 13    Int: 12    God:    Makhleb [**....]
Gold:   226        SH:  0    Dex: 13    Spells: 7/7 levels left

rFire    . . .     SeeInvis .   a - +0 hand axe
rCold    . . .     Gourm    .   (no shield)
rNeg     . . .     Faith    .   i - +2 robe {MR+}
rPois    +         Spirit   .   (no helmet)
rElec    .         Reflect  .   d - +2 cloak
rCorr    .         Harm     .   (no gloves)
MR       +....                  (no boots)
Stlth    ++........             (no amulet)
HPRegen  0.22/turn              m - ring of poison resistance
MPRegen  0.12/turn              l - +5 ring of strength

@: marked
A: no striking features
a: Minor Destruction, Renounce Religion


You were on level 8 of the Dungeon.
You worshipped Makhleb.
Makhleb was pleased with you.
You were not hungry.

You visited 1 branch of the dungeon, and saw 8 of its levels.

You collected 226 gold pieces.

Inventory:

Hand Weapons
 a - a +0 hand axe (weapon)
 f - a +2 short sword of flaming
 v - the +5 dagger of Soicwim {freeze, Int+7 Stlth+}
   (You found it on level 6 of the Dungeon)

   It has been specially enchanted to freeze those struck by it, causing extra
   injury to most foes and up to half again as much damage against particularly
   susceptible opponents.
   It can also slow down cold-blooded creatures.
   It affects your intelligence (+7).
   It makes you more stealthy.
Missiles
 b - 24 poisoned needles
Armour
 d - a +2 cloak (worn)
 i - a +2 robe of magic resistance (worn)
 k - a scarf of spirit shield
Jewellery
 l - a +5 ring of strength (right hand)
 m - a ring of poison resistance (left hand)
 o - an uncursed ring of protection from fire
Wands
 g - a wand of acid (1)
 p - a wand of digging (4)
Scrolls
 j - a scroll of fog
 n - a scroll of remove curse
 q - 3 scrolls of amnesia
 u - 2 scrolls of teleportation
Potions
 e - a potion of flight
 r - a potion of curing
 s - a potion of ambrosia
 t - a potion of lignification {unknown}
Miscellaneous
 w - a lightning rod (4/4)
Comestibles
 c - 8 rations
 h - 2 chunks of flesh


   Skills:
 * Level 8.2 Fighting
 * Level 8.9 Axes
 - Level 2.4 Dodging
 - Level 1.5 Stealth
 * Level 4.9 Invocations


You had 7 spell levels left.
You didn't know any spells.
Your spell library was empty.

Dungeon Overview and Level Annotations

Branches:
Dungeon (9/15)
 Temple: D:4-7         Lair: D:8-11         Orc: D:9-12

Altars:
Ashenzari
Elyvilon
Fedhas
Makhleb
Ru

Annotations:
D:8 Harold


Message History

Your surroundings suddenly seem different.
Found a short silver wand.
A quokka comes into view.
Unknown command.
A hound comes into view.
The quokka moves out of view.
Evoke which item? (* to show all) (? for menu, Esc to quit)
Aiming: Corrosive Bolt
Press: ? - help, Shift-Dir - straight line, f - Harold
Aim: Harold, wielding a +0 scimitar, wearing a +0 scale mail and carrying a wand of scattershot (5)
The bolt of acid hits Harold!
Harold is splashed with acid.
Harold is moderately wounded.
The bolt of acid misses the centaur.
Harold gestures at you while chanting. The mark upon you grows brighter.
The centaur shoots an arrow.
The arrow hits you!
* * * LOW HITPOINT WARNING * * *
You see here an arrow.
The centaur shoots an arrow.
The arrow hits you!
You die...

#.#.# ..# .
##.#.#####..#
rh.##
#..c....c...#
#....##..#.#
#.# #.....@.#
#(# ####..###
#.# #..# #.#
#.(# #.#
#.@#####.#
#..........>#
#.#########.#
# #.. #.##
#.# #.# #.#
#.#


You could see Harold and a centaur.

Vanquished Creatures
  Prince Ribbit (D:5)
  A phantom (D:6)
  An ogre (D:5)
  A water moccasin skeleton (D:6)
  A howler monkey (D:6)
  3 crimson imps
  A quasit (D:5)
  2 jellies
  An orc wizard (D:5)
  A bullfrog skeleton (D:6)
  Jessica (D:3)
  Natasha (thrice) (D:3)
  4 worker ants
  A hound zombie (D:6)
  A gnoll (D:5)
  6 adders
  A shadow imp (D:4)
  An ooze (D:1)
  An adder skeleton (D:6)
  A worm (D:2)
  3 dart slugs
  4 leopard geckos
  10 orcs
  2 ball pythons
  3 giant cockroaches
  A goblin (D:2)
  6 hobgoblins
  11 jackals
  2 quokkas
  3 bats (D:1)
  2 frilled lizards
  A giant cockroach zombie (D:6)
  A jackal skeleton (D:6)
  6 kobolds
  A quokka skeleton (D:4)
  5 rats
94 creatures vanquished.

Vanquished Creatures (others)
  2 plants (D:2)
2 creatures vanquished.

Grand Total: 96 creatures vanquished

Notes
Turn   | Place    | Note
-------+----------+-------------------------------------------
     0 | D:1      | Amplified the Hill Orc Monk began the quest for the Orb.
     0 | D:1      | Reached XP level 1. HP: 19/19 MP: 1/1
   139 | D:1      | Reached XP level 2. HP: 23/27 MP: 2/2
   595 | D:1      | Reached XP level 3. HP: 34/34 MP: 3/3
  1224 | D:2      | Reached skill level 5 in Axes
  1328 | D:2      | Found a sacrificial altar of Ru.
  1348 | D:2      | Reached XP level 4. HP: 37/41 MP: 4/4
  1486 | D:2      | Found a blossoming altar of Fedhas.
  1976 | D:2      | Found a white marble altar of Elyvilon.
  2088 | D:3      | Reached skill level 5 in Fighting
  2332 | D:3      | Noticed Jessica
  2336 | D:3      | Killed Jessica
  2336 | D:3      | Reached XP level 5. HP: 48/48 MP: 5/5
  2376 | D:3      | Noticed Natasha
  2394 | D:3      | Killed Natasha
  2438 | D:3      | Noticed Natasha
  2446 | D:3      | Killed Natasha
  2658 | D:3      | Noticed Natasha
  2683 | D:3      | Killed Natasha
  3033 | D:4      | Noticed an ogre
  3166 | D:5      | Entered Level 5 of the Dungeon
  3185 | D:5      | Reached XP level 6. HP: 21/57 MP: 2/6
  3677 | D:5      | Found a burning altar of Makhleb.
  3681 | D:5      | Became a worshipper of Makhleb the Destroyer
  3681 | D:5      | Reached * piety under Makhleb
  3681 | D:5      | Reached ** piety under Makhleb
  3789 | D:5      | Noticed Prince Ribbit
  3804 | D:5      | Killed Prince Ribbit
  3804 | D:5      | Reached XP level 7. HP: 49/66 MP: 6/8
  4010 | D:5      | Found a shattered altar of Ashenzari.
  4449 | D:6      | Reached XP level 8. HP: 34/74 MP: 9/11
  4748 | D:6      | Got a brightly glowing dagger
  4749 | D:6      | Identified the +5 dagger of Soicwim {freeze, Int+7 Stlth+}
                  | (You found it on level 6 of the Dungeon)
  4844 | D:6      | You fall through a shaft for 3 floors!
  4904 | D:8      | Noticed Harold
  4920 | D:8      | Shot with an arrow by a centaur

Skill      XL: |  1  2  3  4  5  6  7  8 |
---------------+-------------------------+-----
Fighting       | 4 5 6 7 8 |  8.2
Axes           | 5 6 7 8 |  8.9
Invocations    | 2 4 |  4.9
Dodging        | |  2.4
Stealth        | |  1.5

Action                   |  1- 3 |  4- 6 |  7- 9 || total
-------------------------+-------+-------+-------++-------
Melee: Hand axe          |    83 |   157 |   167 ||   407
Evoke: Wand              |       |     1 |     3 ||     4
  Use: Scroll            |     4 |     7 |     4 ||    15
       Potion            |       |     7 |     1 ||     8
 Stab: Sleeping          |     4 |     5 |     3 ||    12
  Eat: Chunk             |     1 |     1 |     2 ||     4
       Ration            |       |     2 |     1 ||     3
Armor: Robe              |    21 |    33 |    53 ||   107
Dodge: Dodged            |    79 |   115 |    89 ||   283
